 Dungeon Crawl Stone Soup version 0.28.0-1-gb440e238dd (webtiles) character file.

Game seed: 12808139096142457374

13382 BeingJoeMalik the Stickfighter (level 12, -2/77 HPs)
             Began as a Tengu Gladiator on Feb 19, 2022.
             Was an Elder of Dithmenos.
             Killed from afar by Erolcha (19 damage)
             ... with a fireball
             ... on level 11 of the Dungeon.
             The game lasted 00:32:39 (14616 turns).

BeingJoeMalik the Stickfighter (Tengu Gladiator)   Turns: 14616, Time: 00:32:40

Health: -2/77      AC: 13    Str: 16    XL:     12   Next: 5%
Magic:  11/11      EV: 18    Int: 11    God:    Dithmenos [****..]
Gold:   79         SH:  0    Dex: 25    Spells: 11/11 levels left

rFire   . . .      SeeInvis +   a - +3 quarterstaff (flame)
rCold   . . .      Faith    .   (shield currently unavailable)
rNeg    . . .      Spirit   .   C - +3 scale mail {rPois}
rPois   +          Reflect  .   h - +2 hat
rElec   .          Harm     .   (no cloak)
rCorr   .          Rampage  .   n - +0 pair of gloves
Will    .....                   (boots unavailable)
Stlth   +++.......              (no amulet)
HPRegen 0.22/turn               i - +6 ring of dexterity
MPRegen 0.12/turn               e - ring of see invisible

@: flying quickly and evasively, wreathed by umbra, quick
A: beak, talons 3, nimble flight, agile 1, low MP 1, MP-powered wands, sturdy
frame 1
a: Renounce Religion, Shadow Step


You were on level 11 of the Dungeon.
You worshipped Dithmenos.
Dithmenos was greatly pleased with you.
You visited 3 branches of the dungeon, and saw 13 of its levels.
You also visited: Sewer.

You collected 703 gold pieces.
You spent 624 gold pieces at shops.

Inventory:

Hand Weapons
 a - a +3 quarterstaff of flaming (weapon)
Missiles
 d - 5 throwing nets
 m - 31 poisoned darts (quivered)
Armour
 h - a +2 hat (worn)
 n - a +0 pair of gloves (worn)
 o - a +0 buckler
 B - a +0 ring mail of willpower
 C - a +3 scale mail of poison resistance (worn)
Magical Staves
 E - a staff of cold
Jewellery
 e - a ring of see invisible (right hand)
 i - a +6 ring of dexterity (left hand)
Wands
 c - a wand of charming (2)
 f - a wand of iceblast (8)
 p - a wand of acid (13)
 G - a wand of flame (11)
Scrolls
 g - 2 scrolls of amnesia
 j - a scroll of enchant armour
 r - a scroll of fear
 y - 7 scrolls of teleportation
Potions
 b - a potion of heal wounds {unknown}
 k - 7 potions of curing
 l - a potion of might
 q - 2 potions of mutation
 t - a potion of berserk rage
 v - 4 potions of haste
 w - a potion of brilliance
 x - 2 potions of invisibility
 z - a potion of cancellation
 D - 2 potions of resistance
 H - 2 potions of magic


   Skills:
 + Level 9.9 Fighting
 + Level 16.0 Staves
 - Level 2.0 Throwing
 - Level 5.0 Armour
 + Level 6.9 Dodging
 + Level 2.3 Stealth
 + Level 0.1 Evocations


You had 11 spell levels left.
You didn't know any spells.
Your spell library contained the following spells:

 Spells                   Type           Power      Damage    Failure   Level
 Static Discharge         Conj/Air       0%         N/A       75%         2
 Inner Flame              Hex/Fire       0%         N/A       92%         3
 Ozocubu's Armour         Ice            0%         N/A       92%         3
 Airstrike                Air            0%         N/A       100%        4
 Cause Fear               Hex            0%         N/A       100%        4
 Dispel Undead            Necr           0%         3d6       100%        4
 Sticky Flame             Conj/Fire      0%         2d3       100%        4
 Summon Lightning Spire   Summ/Air       0%         N/A       100%        4
 Lightning Bolt           Conj/Air       0%         1d11      100%        5
 Ozocubu's Refrigeration  Ice            0%         4d5       100%        7
 Discord                  Hex            0%         N/A       100%        8


Dungeon Overview and Level Annotations

Branches:
Dungeon (11/15)            Temple (1/1) D:6            Lair (1/6) D:9
  Sewer (visited)
    Orc: D:9-12

Altars:
Dithmenos
Sif Muna
Trog
Yredelemnul

Shops:
D:1 !   D:2 ?([   D:7 *

Annotations:
D:5 Sigmund
D:9 3 runed translucent doors, mitch45678's ghost, journeyman MiGl
D:11 Erolcha


Innate Abilities, Weirdness & Mutations

You have a beak for a mouth.
You have claws for feet.
Your magical nature lets you fly swiftly and evasively.
You are agile. (Dex +2)
Your magical capacity is low. (-10% MP)
You expend magic power (3 MP) to strengthen your wands.
Your movements are slightly less encumbered by armour. (ER -2)


Message History

a +0 short sword; a +0 chain mail
Items here: ))) [[ ††.
Things that are here:
a +0 club; a +0 war axe
j - a scroll of enchant armour
Items here: )) [ †.
Things that are here:
a +0 club; a +0 war axe An efreet comes into view.
It is wielding a +4 scimitar of flaming.
The efreet gestures at you.
The fireball explodes!
The fireball engulfs you!!
You hear an angry hiss.
You hear a shout!
The efreet hits you with a +4 scimitar of flaming!
The efreet burns you.
You sock the efreet! You claw the efreet, but do no damage.
You peck the efreet, but do no damage.
The efreet is moderately wounded.
You bludgeon the efreet!! You claw the efreet, but do no damage.
The efreet is severely wounded.
The efreet gestures at you.
The fireball explodes!
The fireball engulfs you.
The fireball engulfs the efreet.
The efreet completely resists.
You hear a shout!
You hit the efreet but do no damage. You claw the efreet.
The efreet is severely wounded.
You sock the efreet! You claw the efreet.
You kill the efreet!
Dithmenos accepts your kill.
Your Staves skill increases to level 16!
You start resting.
Erolcha the Cunning comes into view.
She is wielding a +0 giant club and carrying a wand of flame (9).
A komodo dragon comes into view.
Erolcha points at you and mumbles some strange words.
The fireball explodes!
The fireball engulfs you!!
* * * LOW HITPOINT WARNING * * *
Unknown command.
Unknown command.
Erolcha casts a spell at you.
The fireball explodes!
The fireball engulfs you!!
You die...

#.....# #.....# #.....#
###.....# #....)..#### ### ##
#..........# ##8###.## .
#..........# #####...#...#..
##.........####..............
#....O.....@..........).....
#...l#+###+#........))......
#.... #...))#...#...#.. #....
#...).##.###8## 8 .....
#....)########### ..l
.#######....)..)).......
...............)).......
.###########............
##########...


You could see Erolcha and a komodo dragon.

Vanquished Creatures
  Gastronok (D:11)
  2 boulder beetles (D:10)
  Erica (D:8)
  A two-headed ogre (D:8)
  A deep elf pyromancer (D:11)
  An ugly thing (D:9)
  2 centaur zombies (D:10)
  A black mamba (Lair:1)
  A rime drake (shapeshifter) (D:10)
  An efreet (D:11)
  A kobold demonologist (D:10)
  An ice devil (Lair:1)
  2 polar bears (Lair:1)
  Grinder (D:3)
  A wraith (D:11)
  A shadow (D:11)
  3 yaks
  A steam dragon (D:6)
  Edmund (D:6)
  Menkaure (D:7)
  8 water moccasins
  5 orc warriors
  3 ice beasts
  4 black bears
  6 wolves (Lair:1)
  2 ogres
  3 centaurs
  A necrophage (D:6)
  3 kobold brigands
  3 phantoms (D:5)
  Blork the orc (D:5)
  6 bullfrogs
  A gnoll sergeant (D:7)
  A wyvern zombie (D:5)
  4 scorpions
  A water moccasin zombie (D:4)
  6 killer bees (D:11)
  9 wights
  2 bullfrog zombies (D:6)
  A hound (D:6)
  5 jellies
  5 orc priests
  Natasha (thrice) (D:2)
  A centaur skeleton (D:5)
  2 iguanas (D:7)
  7 orc wizards
  2 killer bee zombies
  A howler monkey zombie (D:10)
  6 adders
  3 gnolls (D:7)
  A river rat (Sewer)
  A shadow imp (D:7)
  A white imp (D:7)
  A worm (D:2)
  7 dart slugs
  25 orcs
  14 endoplasms
  5 giant cockroaches
  10 goblins
  6 hobgoblins
  24 kobolds
  6 quokkas
  13 ball pythons
  6 bats
  5 frilled lizards
  9 rats
264 creatures vanquished.

Vanquished Creatures (others)
  17 fungi (D:9)
  26 plants
43 creatures vanquished.

Grand Total: 307 creatures vanquished

Notes
Turn   | Place    | Note
-------+----------+-------------------------------------------
     0 | D:1      | BeingJoeMalik the Tengu Gladiator began the quest for the
                  | Orb.
     0 | D:1      | Reached XP level 1. HP: 12/12 MP: 2/2
   115 | D:1      | Reached XP level 2. HP: 17/17 MP: 3/3
   128 | D:1      | Reached skill level 4 in Staves
   429 | D:1      | Found Wisuyr's Distillery.
   797 | D:1      | Reached XP level 3. HP: 18/21 MP: 4/4
  1088 | D:2      | Found Sibuwn's Armour Emporium.
  1319 | D:2      | Found a shadowy altar of Dithmenos.
  1324 | D:2      | Became a worshipper of Dithmenos the Shadowed
  1409 | D:2      | Found a faded altar of an unknown god.
  1425 | D:2      | Reached skill level 5 in Staves
  1749 | D:2      | Reached XP level 4. HP: 26/26 MP: 5/5
  1994 | D:2      | Noticed Natasha
  2225 | D:2      | Found Cuewkyaq's Magic Scroll Boutique.
  2234 | D:2      | Killed Natasha
  2435 | D:2      | Noticed Natasha
  2652 | D:2      | Found Ukicw's Antique Weapon Shoppe.
  2776 | D:2      | Killed Natasha
  2777 | D:2      | Reached skill level 6 in Staves
  2777 | D:2      | Gained mutation: Your magical nature lets you fly swiftly
                  | and evasively. [Tengu growth]
  2777 | D:2      | Reached XP level 5. HP: 11/30 MP: 6/6
  2993 | D:2      | Noticed Natasha
  3003 | D:2      | Killed Natasha
  3197 | D:1      | Bought a potion of curing for 36 gold pieces
  3437 | D:3      | You are sucked into a shaft and drop 1 floor!
  3511 | D:4      | Reached * piety under Dithmenos
  3607 | D:4      | Reached skill level 7 in Staves
  3762 | D:4      | Reached XP level 6. HP: 35/35 MP: 7/7
  4104 | D:4      | Found a glowing drain.
  4115 | Sewer    | Entered a sewer
  4204 | Sewer    | Reached skill level 8 in Staves
  4566 | Sewer    | Reached XP level 7. HP: 38/40 MP: 8/8
  4623 | Sewer    | Found a shimmering altar of Xom.
  4709 | D:4      | Reached ** piety under Dithmenos
  5027 | D:3      | Noticed Grinder
  5043 | D:3      | Paralysed by Grinder for 3 turns
  5047 | D:3      | Killed Grinder
  5048 | D:3      | Reached skill level 9 in Staves
  5651 | D:5      | Entered Level 5 of the Dungeon
  5683 | D:5      | Reached skill level 10 in Staves
  5947 | D:5      | Noticed Sigmund
  6125 | D:5      | Reached XP level 8. HP: 44/44 MP: 9/9
  6189 | D:5      | Noticed Blork the orc
  6199 | D:5      | Killed Blork the orc
  6831 | D:5      | Reached skill level 11 in Staves
  7214 | D:6      | Noticed Edmund
  7340 | D:6      | Found a staircase to the Ecumenical Temple.
  7382 | Temple   | Entered the Ecumenical Temple
  7733 | D:6      | Reached skill level 12 in Staves
  7733 | D:6      | Reached XP level 9. HP: 50/50 MP: 10/10
  7810 | D:6      | Killed Edmund
  8352 | D:7      | Reached skill level 1 in Armour
  8592 | D:7      | Noticed Menkaure
  8622 | D:7      | Gained mutation: You have hidden genetic defects. [potion
                  | of mutation]
  8622 | D:7      | Gained mutation: Your flesh is cold resistant. (rC+)
                  | [potion of mutation]
  8622 | D:7      | Gained mutation: You passively dampen the noise of your
                  | surroundings. [potion of mutation]
  8631 | D:7      | Killed Menkaure
  8858 | D:7      | Identified a scroll of acquirement
  8858 | D:7      | Acquired a ring of see invisible
  8879 | D:7      | Lost mutation: You have hidden genetic defects. [potion of
                  | mutation]
  8879 | D:7      | Lost mutation: Your flesh is cold resistant. (rC+) [potion
                  | of mutation]
  8879 | D:7      | Lost mutation: You passively dampen the noise of your
                  | surroundings. [potion of mutation]
  8879 | D:7      | Gained mutation: Your magical capacity is low. (-10% MP)
                  | [potion of mutation]
  8879 | D:7      | Gained mutation: You are agile. (Dex +2) [potion of
                  | mutation]
  8879 | D:7      | Gained mutation: Your movements are slightly less
                  | encumbered by armour. (ER -2) [potion of mutation]
  8879 | D:7      | Gained mutation: You expend magic power (3 MP) to
                  | strengthen your wands. [potion of mutation]
  8893 | D:7      | Reached skill level 13 in Staves
  9172 | D:7      | Reached *** piety under Dithmenos
  9216 | D:7      | Found Yniviurph's Island Escapes.
  9581 | D:1      | Bought a potion of berserk rage for 60 gold pieces
  9581 | D:1      | Bought a potion of cancellation for 96 gold pieces
  9581 | D:1      | Bought a potion of haste for 120 gold pieces
  9581 | D:1      | Bought a potion of curing for 36 gold pieces
  9946 | D:8      | Found a basalt altar of Yredelemnul.
  9969 | D:8      | Noticed Erica
  9984 | D:8      | Killed Erica
  9985 | D:8      | Reached skill level 5 in Fighting
  9985 | D:8      | Reached XP level 10. HP: 37/59 MP: 10/10
 10121 | D:8      | Noticed a two-headed ogre
 10130 | D:8      | Killed a two-headed ogre
 10131 | D:8      | Reached skill level 5 in Armour
 10232 | D:8      | Reached skill level 14 in Staves
 11173 | D:9      | Found a staircase to the Lair.
 11227 | D:9      | Noticed a cyan ugly thing
 11249 | D:9      | Killed a cyan ugly thing
 11590 | D:9      | Reached skill level 5 in Dodging
 11595 | D:9      | Reached **** piety under Dithmenos
 11706 | D:9      | Found a runed translucent gate.
 11707 | D:9      | Found a runed translucent gate.
 11708 | D:9      | Found a runed translucent gate.
 11711 | D:9      | Noticed a spectral centaur warrior
 11711 | D:9      | Noticed mitch45678's ghost (journeyman MiGl)
 11878 | D:10     | Entered Level 10 of the Dungeon
 11916 | D:10     | Noticed a kobold demonologist
 11951 | D:10     | Killed a kobold demonologist
 12076 | D:10     | Reached XP level 11. HP: 47/67 MP: 10/10
 12080 | D:10     | Reached skill level 15 in Staves
 12498 | D:11     | Noticed a boulder beetle
 12498 | D:11     | Noticed a boulder beetle
 12517 | D:10     | Killed a boulder beetle
 12602 | D:11     | Noticed a deep elf pyromancer
 12622 | D:10     | Killed a boulder beetle
 12936 | Lair:1   | Entered Level 1 of the Lair of Beasts
 13268 | D:1      | Bought a potion of curing for 36 gold pieces
 13268 | D:1      | Bought a potion of might for 48 gold pieces
 13268 | D:1      | Bought 2 potions of magic for 192 gold pieces
 13584 | Lair:1   | Noticed an ice dragon
 13595 | Lair:1   | Reached skill level 1 in Stealth
 13600 | Lair:1   | HP: 3/71 [ice dragon (11)]
 13605 | Lair:1   | HP: 3/71 [ice dragon (1)]
 13988 | D:11     | Killed a deep elf pyromancer
 14043 | D:11     | Noticed a phantasmal warrior
 14044 | D:11     | Noticed a death knight
 14279 | D:11     | Noticed Gastronok
 14297 | D:11     | Killed Gastronok
 14386 | D:11     | Reached XP level 12. HP: 57/77 MP: 11/11
 14608 | D:11     | Reached skill level 16 in Staves
 14610 | D:11     | Noticed Erolcha
 14616 | D:11     | Killed from afar by Erolcha

Illustrated notes

Levels and vault maps discovered:
D:1:      heliophobic_arrival_ceremonial_halls, layout_rooms, serial_shops,
          shop, kennysheep_another_room
D:2:      wander_river, layout_basic, serial_shops,
          nicolae_shop_window_shopping, shop, nicolae_shop_trees,
          shapermc_ecumenical_altar_totnotflames, basic_altar,
          grunt_ministairs_1, minmay_misc_feat_ornament,
          roderic_serpentine_path, minmay_door_square, uniq_natasha
D:3:      layout_basic, columned_hall_lemuel, uniq_grinder
D:4:      layout_basic, portal_sewer_entry_a, ebering_dispersal_statue_hall,
          grunt_ministairs_11
D:5:      layout_loops_ring, uniq_blork_the_orc, uniq_sigmund
D:6:      nicolae_cairo_tiling, layout_loops_ring,
          minmay_temple_entry_gardened_gates, uniq_edmund
D:7:      layout_loops_ring, nicolae_island_escapes, uniq_menkaure
D:8:      layout_basic, yredelemnul_altar_generic, uniq_erica
D:9:      layout_roguey, due_lair_maze_entry_diamond, gammafunk_ghost_necromancy
D:10:     layout_rooms, kennysheep_small_circle
D:11:     layout_irregular_city, david_orc_4, uniq_urug, uniq_gastronok,
          uniq_erolcha
Temple:   minmay_crystal_snake_temple
Lair:1:   dreamdust_isle_of_ice, layout_cave_shapes, special_room
          [special_room_bee], lemuel_fruit_fields, grunt_megastairs_4,
          infiniplex_staircase_pool_2

Skill      XL: |  1  2  3  4  5  6  7  8  9 10 11 12 |
---------------+-------------------------------------+-----
Staves         | 4 5 6 7 8 10 12 13 14 15 16 | 16.0
Fighting       | 3 5 7 9 |  9.9
Dodging        | 4 5 6 |  6.9
Armour         | 4 5 |  5.0
Stealth        | 2 |  2.3
Throwing       | |  2.0
Evocations     | |  0.1

Action                   |  1- 3 |  4- 6 |  7- 9 | 10-12 || total
-------------------------+-------+-------+-------+-------++-------
Melee: Quarterstaff      |    66 |   122 |   269 |   335 ||   792
       Kick              |    11 |    29 |   116 |   121 ||   277
       Peck              |    13 |    22 |    61 |    70 ||   166
Throw: Throwing net      |     5 |       |     3 |       ||     8
       Dart              |       |       |     2 |    15 ||    17
Evoke: Wand              |       |       |     3 |     2 ||     5
  Use: Potion            |       |       |     8 |     3 ||    11
       Scroll            |       |       |    14 |     5 ||    19
 Stab: Sleeping          |     2 |     3 |     2 |     3 ||    10
       Held in net/web   |       |       |     1 |       ||     1
Armor: Leather armour    |    19 |    13 |    14 |       ||    46
       Ring mail         |       |       |     6 |       ||     6
       Scale mail        |       |       |    17 |    48 ||    65
       Skin              |       |       |       |     6 ||     6
Dodge: Dodged            |    46 |    82 |   172 |   208 ||   508
